 Zot Defence DCSS version 0.16-a0-1157-gec61f8e (webtiles) character file.

30816 Kashira the Grappler (level 9, 0/80 (92) HPs)
             Began as a Troll Berserker on Oct 8, 2014.
             Was a Believer of Trog.
             Shot with a bolt by Himn (27 damage)
             ... in the Realm of Zot (Scenario I: Hall of Zot).
             The game lasted 00:16:35 (1545 turns).

Kashira the Grappler (Troll Berserker)              Turns: 1545, Time: 00:16:35

HP:   0/80 (92)     AC:  5    Str: 27    XL:     9   Next: 44%
MP:   4/4           EV: 11    Int:  5    God:    Trog [**....]
Gold: 0             SH:  0    Dex: 10    Spells: 0 memorised, 8 levels left

rFire  . . .     SeeInvis .       - Unarmed
rCold  . . .     Clarity  .     b - +0 animal skin
rNeg   . . .     SustAb   .     (shield restricted)
rPois  .         Gourm    +     (helmet restricted)
rElec  .         Spirit   .     (no cloak)
rCorr  .         Warding  .     (gloves unavailable)
rMut   .         Stasis   .     (boots unavailable)
MR     .....                    (no amulet)
Stlth  +.........               (no ring)
                                (no ring)

@: exhausted, slowed, very slow, not resistant to hostile enchantments, very
unstealthy
A: unfitting armour, claws 3, fast metabolism 3, gourmand, regeneration 2,
saprovore 2, shaggy fur 1, tough skin 2
a: Make oklob sapling, Make arrow trap, Make plant, Remove Curse, Make burning
bush, Make altar, Make grenades, Make oklob plant, Make net trap, Make ice
statue, Burn Spellbooks, Berserk, Trog's Hand, Renounce Religion
}: 2/15 runes: slimy, icy


You were in the Realm of Zot.
You worshipped Trog.
Trog was pleased with you.
You were not hungry.

You visited 1 branch

Inventory:

Armour
 b - a +0 animal skin (worn)
Comestibles
 c - 2 meat rations
Scrolls
 h - a scroll of blinking
Potions
 a - 3 potions of curing
 d - a potion of heal wounds
 e - a potion of haste
 f - 2 potions of magic
 g - a potion of berserk rage


   Skills:
 + Level 6.7 Fighting
 + Level 3.1 Armour
 + Level 5.3 Dodging
 + Level 8.8 Unarmed Combat


You had 8 spell levels left.
You didn't know any spells.

Dungeon Overview and Level Annotations

Branches:
    Zot (1/1)

Altars:


Innate Abilities, Weirdness & Mutations

You are too large for most types of armour.
You have claws for hands.
Your metabolism is lightning-fast.
You like to eat raw meat.
You heal very quickly.
You can eat rotten meat.
You are covered in fur (AC +1).
You have very tough skin (AC +2).


Message History

You kill the boggart!
Trog accepts your kill.
Trog appreciates your killing of a magic user.
An arrow hits the orc priest!
An arrow hits Himn!
Unknown command.
You mangle the orc priest!!
You kill the orc priest!
Trog accepts your kill.
Himn wields an arbalest.
Himn shoots a bolt.
The bolt barely misses you. The bolt hits your plant!
Unknown command.
Are you sure you want to leave the Orb unguarded?
You step safely past the trap.
Himn unwields an uncursed arbalest.
Himn closely misses you.
There is an arrow trap, spattered with blood here.
Items here: %%% ( )) [[ You claw Himn!
Himn begins to bleed from its wounds!
Himn is moderately wounded.
Himn wields an uncursed arbalest.
Himn shoots a bolt.
The bolt hits you!!
You die...

▓▓▓▓▓▓▓▓▓ ▓▓▓▓▓▓▓ .....▓▓▓▓
▓▓▓▓... ........▓▓▓ ▓▓▓......
..........▓▓ ▓▓........
...........▓ ▓▓▓▓▓▓▓▓▓ ▓.........
...........▓▓▓.......▓▓▓.........
...........▓▓.P.PP.P.P▓▓.........
...........▓.)^^PPP...)▓.........
.m.....)...[)PPc@)P).))).........
......g...%▓.PP.PPPP)..▓)........
..........)▓▓PP..P.P..▓▓.........
.........))▓▓▓PP...P.▓▓▓.........
....)..)...# ▓▓▓▓▓▓▓▓▓ #.........
..........## ##........
...[.)..### ###...... .....####
####... ########## ########


You could see Himn the yaktaur (bleeding), 5 friendly burning bushes and 2
friendly oklob saplings.

Vanquished Creatures
  A deep elf fighter (Zot)
  A yak (Zot)
  A phantom (Zot)
  An orc warrior (Zot)
  An ogre (Zot)
  A centaur (Zot)
  A boggart (Zot)
  A gnoll sergeant (Zot)
  A wight (Zot)
  An orc priest (Zot)
  A worker ant (Zot)
  4 gnolls (Zot)
  2 adders (Zot)
  A green rat (Zot)
  2 giant geckos (Zot)
  3 oozes (Zot)
  10 orcs (Zot)
  2 ball pythons (Zot)
  6 hobgoblins (Zot)
  4 kobolds (Zot)
  A quokka (Zot)
  6 bats (Zot)
  A giant newt (Zot)
  3 goblins (Zot)
  3 rats (Zot)
59 creatures vanquished.

Vanquished Creatures (collateral kills)
  A merfolk (Zot)
  Menkaure (Zot)
  A boggart (Zot)
  An orange rat (Zot)
  An orc wizard (Zot)
  2 orc priests (Zot)
  2 gnolls (Zot)
  A green rat (Zot)
  4 worms (Zot)
  4 giant geckos (Zot)
  2 oozes (Zot)
  3 orcs (Zot)
  4 giant cockroaches (Zot)
  4 hobgoblins (Zot)
  4 jackals (Zot)
  8 kobolds (Zot)
  A quokka (Zot)
  2 ball pythons (Zot)
  4 bats (Zot)
  A giant newt (Zot)
  3 giant spores (Zot)
  9 goblins (Zot)
  22 rats (Zot)
85 creatures vanquished.

Vanquished Creatures (others)
  An oklob sapling (Zot)
  A giant spore (Zot)
  2 plants (Zot)
4 creatures vanquished.

Grand Total: 148 creatures vanquished

Notes
Turn   | Place    | Note
--------------------------------------------------------------
     0 | Zot      | Kashira, the Troll Berserker, began the quest for the Orb.
     0 | Zot      | Reached XP level 1. HP: 22/22 MP: 1/1
   203 | Zot      | Reached XP level 2. HP: 29/29 MP: 1/1
   299 | Zot      | Reached XP level 3. HP: 36/36 MP: 2/2
   341 | Zot      | Noticed Areideah
   359 | Zot      | Killed Areideah the phantom
   359 | Zot      | Reached skill level 4 in Unarmed Combat
   359 | Zot      | Reached XP level 4. HP: 44/48 MP: 2/2
   359 | Zot      | Reached XP level 5. HP: 49/54 MP: 2/2
   440 | Zot      | Noticed Buddaipi
   448 | Zot      | Killed Buddaipi the ogre
   448 | Zot      | Reached skill level 5 in Unarmed Combat
   448 | Zot      | Reached XP level 6. HP: 62/62 MP: 3/3
   638 | Zot      | Reached XP level 7. HP: 54/71 MP: 3/3
   950 | Zot      | Noticed Menkaure
   952 | Zot      | Killed Menkaure
  1042 | Zot      | Reached skill level 5 in Fighting
  1056 | Zot      | Reached skill level 6 in Unarmed Combat
  1056 | Zot      | Reached XP level 8. HP: 42/80 MP: 3/3
  1173 | Zot      | Reached skill level 7 in Unarmed Combat
  1197 | Zot      | Got a slimy rune of Zot
  1205 | Zot      | Acquired Trog's second power
  1423 | Zot      | Reached XP level 9. HP: 89/89 MP: 4/4
  1437 | Zot      | Got an icy rune of Zot
  1504 | Zot      | Noticed a moth of wrath
  1507 | Zot      | Noticed a grey draconian
  1517 | Zot      | Reached skill level 5 in Dodging
  1517 | Zot      | Reached skill level 8 in Unarmed Combat
  1539 | Zot      | Noticed Himn
  1545 | Zot      | Shot with a bolt by Himn

Action                   |  1- 3 |  4- 6 |  7- 9 || total
-------------------------+-------+-------+-------++-------
Melee: Unarmed           |    31 |    14 |   119 ||   164
Invok: Berserk           |       |     1 |     4 ||     5
 Abil: Make oklob saplin |     1 |     1 |     1 ||     3
       Make burning bush |       |     1 |     4 ||     5
       Make grenades     |       |     1 |     1 ||     2
       Make plant        |       |       |    19 ||    19
       Make arrow trap   |       |       |     4 ||     4
       Make net trap     |       |       |     1 ||     1
 Stab: Distracted        |     2 |       |     3 ||     5
